3L
CHICAGO HAWKS @ NEW AMSTERDAM DUTCHMEN
08/24/2029
 
TOP OF THE 1ST
Chicago Hawks batting - Pitching for New Amsterdam Dutchmen : LHP Walt Coffman
Pitching: LHP Walt Coffman
Batting: SHB Luis Manuel Flores 0-0: Foul Ball, location: 2F
0-1: Swinging Strike
0-2: Ball
1-2: Strikes out swinging
Batting: LHB Jeff Simpson 0-0: Ball
1-0: Ground out 6-3 (Groundball, 6M)
Batting: RHB Enrique Marroquín 0-0: Ball
1-0: Called Strike
1-1: Ball
2-1: Ball
3-1: Ground out 4-3 (Groundball, 4M)
Top of the 1st over - 0 runs, 0 hits, 0 errors, 0 left on base; Chicago 0 - New Amsterdam 0
BOTTOM OF THE 1ST
New Amsterdam Dutchmen batting - Pitching for Chicago Hawks : RHP Lucas Begay
Pitching: RHP Lucas Begay
Batting: RHB Jon Osterman 0-0: Called Strike
0-1: SINGLE (Flyball, 78S)
Batting: RHB Enrique Morales 0-0: Ball
Jon Osterman steals 2nd base
1-0: Ball
2-0: Ball
3-0: Called Strike
3-1: Ground out 6-3 (Groundball, 6)
Jon Osterman to third
Batting: LHB Félix López 0-0: Called Strike
0-1: Ball
1-1: Foul Ball, location: 2F
1-2: Foul Ball, location: 2F
1-2: Ball
2-2: Ball
3-2: Fly out, F4 (Popup, 4M)
Batting: RHB Hank Wilder 0-0: Swinging Strike
0-1: Fly out, F9 (Flyball, 9LSF)
Bottom of the 1st over - 0 runs, 1 hit, 0 errors, 1 left on base; Chicago 0 - New Amsterdam 0
TOP OF THE 2ND
Chicago Hawks batting - Pitching for New Amsterdam Dutchmen : LHP Walt Coffman
Batting: RHB Curt Kenney 0-0: Ball
1-0: Ball
2-0: Ball
3-0: Base on Balls
Batting: RHB Paddy Hodnett 0-0: Ground out U3 (Groundball, 3)
Curt Kenney to second
Batting: RHB Luis Rodríguez 0-0: Ground out 5-3 (Groundball, 56)
Batting: LHB Albert González 0-0: Called Strike
0-1: Called Strike
0-2: Ball
1-2: Ball
2-2: Ball
3-2: Ground out U3 (Groundball, 3)
Top of the 2nd over - 0 runs, 0 hits, 0 errors, 1 left on base; Chicago 0 - New Amsterdam 0
BOTTOM OF THE 2ND
New Amsterdam Dutchmen batting - Pitching for Chicago Hawks : RHP Lucas Begay
Batting: LHB SaQwan Hackett 0-0: Ball
1-0: Foul Ball, location: 2F
1-1: Called Strike
1-2: Ground out 6-3 (Groundball, 6M)
Batting: LHB Cornelius Taitt 0-0: Ground out 4-3 (Groundball, 4)
Batting: RHB John Burton 0-0: Called Strike
0-1: Ground out 4-3 (Groundball, 4)
Bottom of the 2nd over - 0 runs, 0 hits, 0 errors, 0 left on base; Chicago 0 - New Amsterdam 0
TOP OF THE 3RD
Chicago Hawks batting - Pitching for New Amsterdam Dutchmen : LHP Walt Coffman
Batting: RHB Vincente Rotham 0-0: Ball
1-0: DOUBLE (Groundball, 3L)
Batting: LHB Perry Bothof 0-0: Called Strike
0-1: Foul Ball, location: 2F
0-2: Foul Ball, location: 2F
0-2: Ball
1-2: Ball
2-2: Strikes out swinging
Batting: SHB Luis Manuel Flores 0-0: Ball
1-0: Fly out, F8 (Flyball, 8LD)
Batting: LHB Jeff Simpson 0-0: Called Strike
0-1: Foul Ball, location: 2F
0-2: SINGLE (Groundball, 4MD)
Vincente Rotham to third
Runner from 3rd tries for Home, SAFE, no throw
Batting: RHB Enrique Marroquín 0-0: Called Strike
0-1: Fielders Choice at 2nd, 5-4 (Groundball, 56)
Top of the 3rd over - 1 run, 2 hits, 0 errors, 1 left on base; Chicago 1 - New Amsterdam 0
BOTTOM OF THE 3RD
New Amsterdam Dutchmen batting - Pitching for Chicago Hawks : RHP Lucas Begay
Batting: LHB Eric Ward 0-0: Ball
1-0: Called Strike
1-1: Ball
2-1: Foul Ball, location: 2F
2-2: Ball
3-2: Foul Ball, location: 2F
3-2: Fly out, F8 (Flyball, 78XD)
Batting: RHB Mario Rivera 0-0: Ground out 5-3 (Groundball, 56S)
Batting: RHB Jon Osterman 0-0: Called Strike
0-1: Ball
1-1: Ball
2-1: Ball
3-1: Foul Ball, location: 2F
3-2: Ground out 1-3 (Groundball, P)
Bottom of the 3rd over - 0 runs, 0 hits, 0 errors, 0 left on base; Chicago 1 - New Amsterdam 0
TOP OF THE 4TH
Chicago Hawks batting - Pitching for New Amsterdam Dutchmen : LHP Walt Coffman
Batting: RHB Curt Kenney 0-0: Called Strike
0-1: Foul Ball, location: 2F
0-2: SOLO HOME RUN (Flyball, 7LD), Distance : 373 ft
Batting: RHB Paddy Hodnett 0-0: Ball
1-0: Called Strike
1-1: Called Strike
1-2: Ball
2-2: Strikes out looking
Batting: RHB Luis Rodríguez 0-0: Ball
1-0: Called Strike
1-1: Called Strike
1-2: Foul Ball, location: 2F
1-2: Strikes out swinging
Batting: LHB Albert González 0-0: Ball
1-0: Called Strike
1-1: Ball
2-1: Ball
3-1: Foul Ball, location: 2F
3-2: Foul Ball, location: 2F
3-2: Strikes out swinging
Top of the 4th over - 1 run, 1 hit, 0 errors, 0 left on base; Chicago 2 - New Amsterdam 0
BOTTOM OF THE 4TH
New Amsterdam Dutchmen batting - Pitching for Chicago Hawks : RHP Lucas Begay
Batting: RHB Enrique Morales 0-0: Called Strike
0-1: Ground out 6-3 (Groundball, 6)
Batting: LHB Félix López 0-0: Called Strike
0-1: Ball
1-1: SINGLE (Groundball, 3D)
Batting: RHB Hank Wilder 0-0: Swinging Strike
0-1: Ball
1-1: Swinging Strike
1-2: Ball
2-2: Strikes out looking
Batting: LHB SaQwan Hackett 0-0: Foul Ball, location: 2F
0-1: Ball
1-1: Foul Ball, location: 2F
1-2: Ball
2-2: Strikes out swinging
Bottom of the 4th over - 0 runs, 1 hit, 0 errors, 1 left on base; Chicago 2 - New Amsterdam 0
TOP OF THE 5TH
Chicago Hawks batting - Pitching for New Amsterdam Dutchmen : LHP Walt Coffman
Batting: RHB Vincente Rotham 0-0: Called Strike
0-1: Ball
1-1: Ball
2-1: Foul Ball, location: 2F
2-2: Ball
3-2: Strikes out swinging
Batting: LHB Perry Bothof 0-0: Ball
1-0: Called Strike
1-1: Fly out, F5 (Popup, 5SF)
Batting: SHB Luis Manuel Flores 0-0: Ball
1-0: Ball
2-0: Ball
3-0: Called Strike
3-1: Fly out, F8 (Flyball, 8LD)
Top of the 5th over - 0 runs, 0 hits, 0 errors, 0 left on base; Chicago 2 - New Amsterdam 0
BOTTOM OF THE 5TH
New Amsterdam Dutchmen batting - Pitching for Chicago Hawks : RHP Lucas Begay
Batting: LHB Cornelius Taitt 0-0: Ball
1-0: Ball
2-0: Called Strike
2-1: Called Strike
2-2: Ball
3-2: Foul Ball, location: 2F
3-2: Base on Balls
Batting: RHB John Burton 0-0: Ball
1-0: SINGLE (Line Drive, 4MD)
Cornelius Taitt to second
Batting: LHB Eric Ward 0-0: Fly out, F6 (Line Drive, 56)
Batting: RHB Mario Rivera 0-0: Ball
1-0: Ball
2-0: Fly out, F9 (Line Drive, 9)
Batting: RHB Jon Osterman 0-0: SINGLE (Line Drive, 6D)
Cornelius Taitt to third
John Burton to second
Runner from 3rd tries for Home, throw and OUT!
Bottom of the 5th over - 0 runs, 2 hits, 0 errors, 2 left on base; Chicago 2 - New Amsterdam 0
TOP OF THE 6TH
Chicago Hawks batting - Pitching for New Amsterdam Dutchmen : LHP Walt Coffman
Batting: LHB Jeff Simpson 0-0: SINGLE (Line Drive, 4MD)
Batting: RHB Enrique Marroquín 0-0: Ball
1-0: Ball
2-0: Called Strike
2-1: Foul Ball, location: 2F
2-2: Foul Ball, location: 2F
2-2: Ball
3-2: Strikes out looking
Batting: RHB Curt Kenney 0-0: Ball
1-0: Ball
2-0: Ball
3-0: Called Strike
3-1: Base on Balls
Jeff Simpson to second
Batting: RHB Paddy Hodnett 0-0: SINGLE (Groundball, 4MD)
Jeff Simpson to third
Curt Kenney to second
Runner from 3rd tries for Home, SAFE, no throw
Batting: RHB Luis Rodríguez 0-0: DOUBLE (Line Drive, 89D)
Curt Kenney scores
Paddy Hodnett to third
Batting: LHB Albert González 0-0: Called Strike
0-1: Ball
1-1: Swinging Strike
1-2: Foul Ball, location: 2F
1-2: Ball
2-2: Ball
3-2: Strikes out swinging
Batting: RHB Vincente Rotham 0-0: Foul Ball, location: 2F
0-1: Foul Ball, location: 2F
0-2: Strikes out looking
Top of the 6th over - 2 runs, 3 hits, 0 errors, 2 left on base; Chicago 4 - New Amsterdam 0
BOTTOM OF THE 6TH
New Amsterdam Dutchmen batting - Pitching for Chicago Hawks : RHP Lucas Begay
Batting: RHB Enrique Morales 0-0: Ball
1-0: Foul Ball, location: 2F
1-1: Ground out 6-3 (Groundball, 6)
Batting: LHB Félix López 0-0: Ball
1-0: Ball
2-0: Fly out, F8 (Flyball, 8RM)
Batting: RHB Hank Wilder 0-0: Ball
1-0: Called Strike
1-1: Foul Ball, location: 2F
1-2: Ball
2-2: Ball
3-2: DOUBLE (Line Drive, 78D)
Batting: LHB SaQwan Hackett 0-0: Ball
1-0: Ball
2-0: Ball
3-0: Base on Balls
Batting: LHB Cornelius Taitt 0-0: Foul Ball, location: 2F
0-1: Ball
1-1: Ball
2-1: Swinging Strike
2-2: Foul Ball, location: 2F
2-2: Foul Ball, location: 2F
2-2: Ball
3-2: Strikes out swinging
Bottom of the 6th over - 0 runs, 1 hit, 0 errors, 2 left on base; Chicago 4 - New Amsterdam 0
TOP OF THE 7TH
Chicago Hawks batting - Pitching for New Amsterdam Dutchmen : LHP Walt Coffman
Batting: LHB Perry Bothof 0-0: Ball
1-0: Ball
2-0: Called Strike
2-1: Ball
3-1: Base on Balls
Batting: SHB Luis Manuel Flores 0-0: Bunt missed!
0-1: Sac Bunt - play at first, batter OUT! 2-4
Perry Bothof to second
Batting: LHB Jeff Simpson 0-0: Ball
1-0: Called Strike
1-1: Swinging Strike
1-2: Strikes out swinging
Batting: RHB Enrique Marroquín 0-0: Swinging Strike
0-1: Ball
1-1: Ball
2-1: Ground out 4-3 (Groundball, 4MS)
Top of the 7th over - 0 runs, 0 hits, 0 errors, 1 left on base; Chicago 4 - New Amsterdam 0
BOTTOM OF THE 7TH
New Amsterdam Dutchmen batting - Pitching for Chicago Hawks : RHP Lucas Begay
Batting: RHB John Burton 0-0: Called Strike
0-1: Ball
1-1: SINGLE (Flyball, 7S)
Batting: LHB Eric Ward 0-0: DOUBLE (Line Drive, 89M)
John Burton to third
Runner from 3rd tries for Home, SAFE, no throw
Batting: RHB Mario Rivera 0-0: Swinging Strike
0-1: Ball
1-1: Ball
2-1: Ground out 6-3 (Groundball, 6)
Batting: RHB Jon Osterman 0-0: SINGLE (Line Drive, 56)
Eric Ward to third
Batting: RHB Enrique Morales 0-0: Ball
1-0: Swinging Strike
1-1: Grounds into double play, 6-4-3 (Groundball, 6M)
Bottom of the 7th over - 1 run, 3 hits, 0 errors, 1 left on base; Chicago 4 - New Amsterdam 1
TOP OF THE 8TH
Chicago Hawks batting - Pitching for New Amsterdam Dutchmen : LHP Walt Coffman
Batting: RHB Curt Kenney 0-0: Called Strike
0-1: Ball
1-1: Foul Ball, location: 2F
1-2: Ball
2-2: Ball
3-2: Strikes out looking
Batting: RHB Paddy Hodnett 0-0: Ball
1-0: Called Strike
1-1: Ball
2-1: Ground out U3 (Groundball, 3S)
Batting: RHB Luis Rodríguez 0-0: Ball
1-0: Ball
2-0: Fly out, F3 (Popup, 34)
Top of the 8th over - 0 runs, 0 hits, 0 errors, 0 left on base; Chicago 4 - New Amsterdam 1
BOTTOM OF THE 8TH
New Amsterdam Dutchmen batting - Pitching for Chicago Hawks : RHP Lucas Begay
Now at 2B: Lorenzo Sabastro
Batting: LHB Félix López 0-0: Ball
1-0: Called Strike
1-1: Foul Ball, location: 2F
1-2: Ball
2-2: Ground out 4-3 (Groundball, 4)
Batting: RHB Hank Wilder 0-0: Ball
1-0: Ball
2-0: Called Strike
2-1: Ball
3-1: Base on Balls
Pitching: RHP Pat McCormick
Batting: LHB SaQwan Hackett 0-0: Fly out, F4 (Popup, 4MD)
Batting: LHB Cornelius Taitt 0-0: Ball
1-0: Ball
2-0: Ball
3-0: Called Strike
3-1: Called Strike
3-2: SINGLE (Groundball, 6MD)
Hank Wilder to second
Hank Wilder to third
Batting: RHB John Burton 0-0: Swinging Strike
0-1: Ball
1-1: Ball
2-1: Ball
3-1: Swinging Strike
3-2: Foul Ball, location: 2F
3-2: Foul Ball, location: 2F
3-2: SINGLE (Groundball, 56) (infield hit)
Hank Wilder scores
Cornelius Taitt to second
Batting: LHB Eric Ward 0-0: Ball
Wild Pitch!
Cornelius Taitt to third
John Burton to second
1-0: Ball
2-0: Fly out, F8 (Line Drive, 8RM)
Bottom of the 8th over - 1 run, 2 hits, 0 errors, 2 left on base; Chicago 4 - New Amsterdam 2
TOP OF THE 9TH
Chicago Hawks batting - Pitching for New Amsterdam Dutchmen : LHP Walt Coffman
Batting: LHB Albert González 0-0: Called Strike
0-1: Ball
1-1: Ball
2-1: Foul Ball, location: 2F
2-2: Ball
3-2: Fly out, F5 (Popup, 25F)
Batting: RHB Vincente Rotham 0-0: Ground out 1-3 (Groundball, 15)
Batting: LHB Perry Bothof 0-0: Foul Ball, location: 2F
0-1: Ball
1-1: Ground out 4-3 (Groundball, 4)
Top of the 9th over - 0 runs, 0 hits, 0 errors, 0 left on base; Chicago 4 - New Amsterdam 2
BOTTOM OF THE 9TH
New Amsterdam Dutchmen batting - Pitching for Chicago Hawks : RHP Pat McCormick
Pitching: RHP Matt Harris
Batting: RHB Mario Rivera 0-0: Called Strike
0-1: Ball
1-1: Ball
2-1: Called Strike
2-2: Foul Ball, location: 2F
2-2: Ball
3-2: Base on Balls
Batting: RHB Jon Osterman 0-0: Ball
1-0: Foul Ball, location: 2F
1-1: Ball
2-1: Swinging Strike
2-2: Strikes out swinging
Batting: RHB Enrique Morales 0-0: Grounds into double play, 5-4-3 (Groundball, 56)
Bottom of the 9th over - 0 runs, 0 hits, 0 errors, 0 left on base; Chicago 4 - New Amsterdam 2
Tuesday, December 19th, 2017 - OOTP Baseball 18.8 Build 76